 Dungeon Sprint DCSS version 0.28.0-53-g5a82cb258f (webtiles) character file.

Game seed: 3797628624003415386

2167 Zeld the Cleaver (level 9, -8/144 HPs)
             Began as a Minotaur Berserker on June 4, 2022.
             Was a High Priest of Trog.
             Mangled by an orc knight
             ... wielding a +0 battleaxe
              (12 damage)
             ... in the Dungeon (Sprint III: "The Ten Rune Challenge").
             The game lasted 00:01:37 (2176 turns).

Zeld the Cleaver (Minotaur Berserker)               Turns: 2176, Time: 00:01:37

Health: -8/144     AC:  2    Str: 26    XL:     9   Next: 10%
Magic:  8/8        EV: 15    Int:  4    God:    Trog [*****.]
Gold:   38         SH:  0    Dex: 10    Spells: 8/8 levels left

rFire   . . .      SeeInvis .   a - +0 hand axe
rCold   . . .      Faith    .   (no shield)
rNeg    . . .      Spirit   .   b - +0 animal skin
rPois   .          Reflect  .   (helmet restricted)
rElec   .          Harm     .   (no cloak)
rCorr   .          Rampage  .   (no gloves)
Will    .....      NoTele   +   (no boots)
Stlth   ..........              (no amulet)
HPRegen 0.34/turn               (no ring)
MPRegen 0.11/turn               (no ring)

@: berserking, very quick
A: horns 2, retaliatory headbutt
a: Renounce Religion, Berserk, Trog's Hand, Brothers in Arms


You were in the Dungeon.
You worshipped Trog.
Trog was extremely pleased with you.
You visited 1 branch You collected 38 gold pieces.

Inventory:

Hand Weapons
 a - a +0 hand axe (weapon)
Armour
 b - a +0 animal skin (worn)
Scrolls
 h - a scroll of blinking
 j - a scroll of holy word {unknown}
 k - 2 scrolls of identify {unknown}
 m - a scroll of immolation {unknown}
Potions
 c - a potion of curing
 d - a potion of heal wounds
 e - a potion of haste
 f - 2 potions of magic
 g - a potion of berserk rage
 i - 5 potions of mutation {unknown}
 l - a potion of attraction {unknown}
 n - a potion of flight {unknown}
 o - 2 potions of might
Miscellaneous
 p - a phantom mirror


   Skills:
 * Level 14.6 Fighting
 * Level 14.6 Axes
 + Level 10.4 Armour
 + Level 9.5 Dodging


You had 8 spell levels left.
You didn't know any spells.
Your spell library was empty.

Dungeon Overview and Level Annotations

Branches:
Dungeon (1/1)

Altars:
Cheibriados
Dithmenos
Elyvilon
Fedhas
Gozag
Hepliaklqana
Kikubaaqudgha
Makhleb
Nemelex Xobeh
Okawaru
Qazlal
Ru
Sif Muna
Trog
Uskayaw
Vehumet
Wu Jian
Xom
Yredelemnul
Zin
The Shining One
Beogh
Jiyva
Lugonu


Innate Abilities, Weirdness & Mutations

You have a pair of horns on your head.
You reflexively headbutt those who attack you in melee.


Message History

You slash the orc warrior!
You kill the orc warrior!
Trog accepts your kill.
You slash the orc knight!
The orc knight is heavily wounded.
Unknown command.
You slash the orc!
You kill the orc!
Trog accepts your kill.
You hit the orc knight but do no damage.
The orc knight roars a battlecry!
The orcs go into a battle-frenzy!
Unknown command.
You hit the orc knight.
The orc knight is heavily wounded.
You barely miss the orc knight. Your headbutt misses the orc knight.
The orc knight is heavily wounded.
The orc knight hits you with a +0 battleaxe!!
* * * LOW HITPOINT WARNING * * *
You closely miss the orc knight.
The orc knight is heavily wounded.
Unknown command.
You hit the orc knight but do no damage.
You headbutt the orc knight.
The orc knight is severely wounded.
Unknown command.
You hit the orc knight but do no damage.
The orc knight is severely wounded.
The orc knight roars a battlecry!
The orc knight goes into a battle-frenzy!
Unknown command.
You slash the orc knight!
The orc knight is severely wounded.
You completely miss the orc.
Unknown command.
You hit the orc knight. Your headbutt misses the orc knight.
The orc knight is almost dead.
You hit the orc.
The orc knight hits you with a +0 battleaxe!
You die...

♣.############
♣.#___#___#__##$##
♣♣.#.).#__)#._#$$.
♣♣..###'#'###)##.$.
♣...#..........#.$
♣♣..'.⌠........#o$
≈♣♣.#...######'#o#
....#.).#__#...#o#######
....#...#__#...#@o≈§≈'.#
....#'###__#...#)#§§≈#.#
....#)::#__#...'.#)§§#.#
....#___#__'...#.#§§.#..
▓▓▓▓▓▓▓▓▓▓▓▓▓▓▓▓▓▓▓▓▓▓▓▓▓


You could see 2 orc knights and 2 orcs.

Vanquished Creatures
  Josephine (D)
  A deep elf pyromancer (D)
  A shadow (D)
  A spatial vortex (D)
  An orc warrior (D)
  A necrophage (D)
  An earth elemental (D)
  A water elemental (D)
  A scorpion (D)
  An orc priest (D)
  A jelly (D)
  Jessica (D)
  A wizard (D)
  A necromancer (D)
  An orc wizard (D)
  3 humans (D)
  A kobold demonologist (D)
  8 orcs (D)
  An endoplasm (D)
  2 rats (D)
30 creatures vanquished.

Notes
Turn   | Place    | Note
-------+----------+-------------------------------------------
     0 | D        | Zeld the Minotaur Berserker began the quest for the Orb.
     0 | D        | Reached XP level 1. HP: 19/19 MP: 0/0
    93 | D        | Noticed Jessica
    96 | D        | Reached ** piety under Trog
    98 | D        | Killed Jessica
    99 | D        | Reached skill level 5 in Fighting
    99 | D        | Reached skill level 5 in Axes
    99 | D        | Reached XP level 2. HP: 14/29 MP: 1/1
    99 | D        | Reached XP level 3. HP: 18/36 MP: 2/2
   267 | D        | Noticed a scorpion
   274 | D        | Killed a scorpion
   275 | D        | Reached XP level 4. HP: 45/45 MP: 3/3
   721 | D        | Noticed a water elemental
   725 | D        | Killed a water elemental
   726 | D        | Reached skill level 5 in Armour
   726 | D        | Reached skill level 5 in Dodging
   726 | D        | Reached XP level 5. HP: 53/53 MP: 4/4
   825 | D        | Found a basalt altar of Yredelemnul.
   825 | D        | Found a shadowy altar of Dithmenos.
   825 | D        | Found a sacrificial altar of Ru.
   825 | D        | Noticed a necrophage
   832 | D        | Reached *** piety under Trog
   837 | D        | Killed a necrophage
   838 | D        | Reached XP level 6. HP: 41/64 MP: 5/5
  1072 | D        | Found a hide-covered altar of Uskayaw.
  1072 | D        | Found an iron altar of Okawaru.
  1072 | D        | Found a bloodstained altar of Trog.
  1072 | D        | Found an ornate altar of the Wu Jian Council.
  1072 | D        | Noticed a human
  1077 | D        | Killed a human
  1078 | D        | Reached skill level 10 in Fighting
  1078 | D        | Reached skill level 10 in Axes
  1078 | D        | Noticed a human
  1088 | D        | Killed a human
  1088 | D        | Reached **** piety under Trog
  1089 | D        | Reached XP level 7. HP: 48/74 MP: 6/6
  1260 | D        | Found a radiant altar of Vehumet.
  1261 | D        | Found a shimmering blue altar of Sif Muna.
  1261 | D        | Found an ancient bone altar of Kikubaaqudgha.
  1303 | D        | Found a glowing silver altar of Zin.
  1303 | D        | Found a glowing golden altar of the Shining One.
  1303 | D        | Found a white marble altar of Elyvilon.
  1304 | D        | Noticed a deep elf pyromancer
  1328 | D        | Killed a deep elf pyromancer
  1509 | D        | Noticed a shadow
  1514 | D        | Reached XP level 8. HP: 85/85 MP: 7/7
  1515 | D        | Reached ***** piety under Trog
  1588 | D        | Found a blossoming altar of Fedhas.
  1588 | D        | Found a stormy altar of Qazlal.
  1588 | D        | Found a snail-covered altar of Cheibriados.
  1588 | D        | Found a burning altar of Makhleb.
  1588 | D        | Found a shimmering altar of Xom.
  1589 | D        | Found a hazy altar of Hepliaklqana.
  1589 | D        | Found an opulent altar of Gozag.
  1589 | D        | Found a sparkling altar of Nemelex Xobeh.
  1589 | D        | Found a corrupted altar of Lugonu.
  1589 | D        | Found a viscous altar of Jiyva.
  1828 | D        | Noticed Josephine
  1836 | D        | Killed Josephine
  1837 | D        | Reached skill level 10 in Armour
  2027 | D        | Reached XP level 9. HP: 96/96 MP: 8/8
  2150 | D        | Received a gift from Trog
  2151 | D        | Noticed an orc knight
  2164 | D        | Noticed an orc knight
  2171 | D        | HP: 3/144 [orc knight/+0 battleaxe (29)]
  2176 | D        | Mangled by an orc knight

Illustrated notes

Levels and vault maps discovered:
D:        dungeon_sprint_mu [sprint_mu_entry_forest, sprint_mu_temple_rooms,
          sprint_mu_d1_horrors, sprint_mu_d2_genie, sprint_mu_d3_branching,
          sprint_mu_orc_legion, sprint_mu_elf_gauntlet, sprint_mu_hive_nellie,
          sprint_mu_lair_fedhas, sprint_mu_vaults_butterflies,
          sprint_mu_slime_circle, sprint_mu_shoals_kraken,
          sprint_mu_snake_twists, sprint_mu_blade_basic,
          sprint_mu_crypt_fortress, sprint_mu_tomb_spiral,
          sprint_mu_vestibule_basic, sprint_mu_gehenna_hellfire,
          sprint_mu_dis_giant, sprint_mu_tartarus_statrot,
          sprint_mu_cocytus_islands, sprint_mu_zot1]

Skill      XL: |  1  2  3  4  5  6  7  8 |
---------------+-------------------------+-----
Fighting       | 5 6 8 9 11 12 14 | 14.6
Axes           | 5 6 8 9 11 12 14 | 14.6
Armour         | 3 4 5 6 7 8 10 | 10.4
Dodging        | 3 4 5 7 8 9 |  9.5

Action                   |  1- 3 |  4- 6 |  7- 9 || total
-------------------------+-------+-------+-------++-------
Melee: Hand axe          |     9 |    48 |    88 ||   145
       Headbutt          |       |     4 |    20 ||    24
       Punch             |       |       |     2 ||     2
Invok: Berserk           |     2 |     4 |     7 ||    13
       Trog's Hand       |       |       |     2 ||     2
Armor: Animal skin       |     2 |       |       ||     2
Dodge: Dodged            |     6 |    16 |    14 ||    36
